[Event "44th Chess Olympiad Open 2022"]
[Site "Chennai"]
[Date "2022.08.06"]
[Round "8.16"]
[White "Almeida Quintana, Omar"]
[Black "Ribera Veganzones, Josep Maria"]
[Result "0-1"]
[WhiteElo "2523"]
[BlackElo "2228"]
[Annotator "TA"]
[PlyCount "118"]
[EventDate "2022.??.??"]
[TimeControl "60"]

1. d4 Nf6 2. Nf3 g6 3. Bf4 Bg7 4. e3 O-O 5. h3 d6 6. Be2 Nc6 {[%emt 0:00:24][%cal Ye7e5] 6...c5 is the recent
fashion.} 7. c3 {[%emt 0:01:51][%cal Yc2c3,Yc3c4,Yc4c5] A48:1 d4 Nf6 2 Nf3 g6:
Torre, London and Colle Systems.} Nd7 8. O-O e5 9. Bh2 {[%emt 0:00:05] The position is equal.} e4 10. Nfd2 f5 11. c4 Nf6 12. Nc3 Ne7 13. b4 g5 14. c5 d5 15. Qb3 (15. Nb5 $5 Ne8 16. f3 $11) 15... Ng6 16. f3 Kh8 17. fxe4 fxe4 18. Rxf6 {[%emt 0:11:57] [#]} Bxf6 $146 ({Predecessor:} 18... Qxf6 19. Rf1 Nf4 20. Bxf4 gxf4 21. Rxf4 Qh6 22.
Rxf8+ Bxf8 23. Nxd5 Be6 24. Bc4 Bxd5 25. Bxd5 {1-0 (113) Afonasieva,A (2270)
-Strybuk,A (2228) Orsha 2021}) 19. Qxd5 Qe7 (
{Black should try} 19... Nf4 $1 $14 20. Qxd8 (20. Qxe4 $2 Re8 $19) (20. Bxf4
gxf4 21. Ndxe4 Bg7 $11) 20... Nxe2+ 21. Kf2 (21. Nxe2 Bxd8 22. Nxe4 g4 $14)
21... Bxd8+ 22. Kxe2 Bf5) 20. Qxe4 ({Don't play} 20. Ndxe4 Rd8
21. Qb3 Bg7 $16) (20. Ncxe4 Nf4 21. Bxf4 (21. exf4 Be6 $17) 21... gxf4 22. Nxf6
(22. exf4 $2 Rd8 $19) 22... Rxf6 $11) 20... c6 {[%emt 0:02:53] Inhibits Nd5.} (
20... Re8 $16) 21. Bd6 $18 Qxe4 22. Ndxe4 Be7 23. Bh5 $36 {[%emt 0:00:00] White is on
the roll.} g4 (23... Bxd6 $16 24. cxd6 Kg7) 24. hxg4 ({Don't do} 24. Bxg4 $6 Bxg4 25. hxg4 Rae8)
24... Rf7 25. Bxg6 hxg6 26.
g5 Bf5 27. Rf1 Kg8 28. Nf6+ Bxf6 29. gxf6 Re8 (29... Bd3 {is a better defense.}) 30. Be7 Rh7 31. Rf4 (31. Kf2 $18) 31... Kf7
$16 32. g4 Bd3 33. e4 (33. Ne4 $14 Bxe4 34. Rxe4) 33... Reh8 $1 $15 34. Rf3 Rh1+ 35. Kf2 Rf1+ 36. Ke3 {[%emt 0:01:32] Threatens to win with Rg3.} Rxf3+ 37. Kxf3 {[%emt 0:00:00] Endgame KRB-KBN} Rh3+ $1 38. Kf4 $2 (38. Kg2 $17 {was the crucial defense.} Bf1+
39. Kxf1 Rxc3 40. Ke2) 38... Bc4 $19 39. Nd1 Be2 $1 40. Nb2 {[%emt 0:00:07] [#]} Ra3 $1 41. d5 Rxa2 42. d6 {[%emt 0:01:08] White
wants to mate with d7.} Ke6 (42... Rxb2 43. d7 Rd2 44. Bd6
Rxd6 45. cxd6 g5+ 46. Kxg5 Ke6 47. d8=Q) 43. d7 Kxd7 44. Bd6 {[%emt 0:00:04] And now f7 would win.} Ke6 ({
Inferior is} 44... Rxb2 45. f7 Rb3 46. f8=Q $11) 45. Be5 Ra3 46. Bd4 Rf3+ 47. Kg5 Rg3 48. Kf4 Rxg4+ 49. Ke3 Bb5 {[%emt 0:00:22] White must now prevent ...
g5.} 50. Kf3 Rh4 51. Bf2 Rh1 52. Bd4 (52. e5 $142) 52... g5 53. Kg4 Re1 54. Kxg5 Rxe4 55. Bc3 Be2 56. Na4 Rg4+ 57. Kh6 Bb5 58. Nb2 Rg3 (58... Kf7 $142 59. Kh5 Be2
60. Nd3 Rg3+ 61. Kh4 Rxd3 62. Be1 Kxf6 63. Bg3 {[#]} Rxg3 $1 64. Kxg3 Ke5 65.
Kf2 Bd3 66. Kf3 Kd5 67. Kf4 Kd4 68. Kg5 Kc4 69. Kf4 Kxb4 70. Ke3 Kc3 71. Kf3 a5
72. Kf4 Kc4 73. Kg4 a4 74. Kh5 a3 75. Kg5 a2 76. Kh4 a1=Q 77. Kg5 Qd4 78. Kh5
Qg1 79. Kh4 Qg2 80. Kh5 Qg3 81. Kh6 Qg6#) 59. Bd4 Kf7 {
[%emt 0:00:39] Never resign too early! Weighted Error Value: White=0.58/
Black=0.29 (precise)} 0-1

[Event "44th Chess Olympiad Open 2022"]
[Site "Chennai"]
[Date "2022.08.06"]
[Round "8.16"]
[White "Henderson de La Fuente, Lance"]
[Black "Quesada Perez, Yasser"]
[Result "1/2-1/2"]
[WhiteElo "2490"]
[BlackElo "2568"]
[Annotator "TA"]
[PlyCount "170"]
[EventDate "2022.??.??"]
[TimeControl "60"]

1. e4 e5 2. Nf3 Nf6 3. Nxe5 d6 4. Nf3 Nxe4 5. d3 Nf6 6. d4 d5 7. Bd3 Bd6 8. O-O O-O 9. Bg5 Bg4 10. Nbd2 Nbd7 11. c3 c6 12. Qc2 Qc7 13. Rfe1 Rfe8 14. Bh4 h6 15. Bg3 Nh5 16. Bh7+ Kf8 17. Bf5 Bxf5 18. Qxf5 Nxg3 19. hxg3 g6 20. Qc2 Kg7 21. Rxe8 Rxe8 22. Re1 Qd8 23. Qd1 b5 24. Rxe8 Qxe8 25. Qe1 Qe6 26. Kf1 Nb6 27. Qxe6 fxe6 28. b3 Kf6 29. Ke2 c5 30. dxc5 Bxc5 31. Ne1 e5 32. f3 h5 33. Nd3 Bd6 34. Nf2 a5 35. g4 Ke6 36. gxh5 gxh5 37. Kd3 Bc5 38. Nh3 a4 ({Better is} 38... Kf5 $17) 39. c4 dxc4+ 40. bxc4 b4 $1 41. Ng5+ Kf5 42. Nge4 Nd7 43. Ng3+ Kg6 44. Ne2 Kf6 (44... Bf8 $15 {is more appropriate.}) 45. Ne4+ Ke6 46. Kc2 Be3 47. Kd3 Ba7 48. Kc2 Be3 49.
Kd3 Bh6 50. Kc2 h4 51. Kd3 Bf8 (51... Bf4 $15) 52. g3
$11 hxg3 (52... h3 $5 53. Ng5+ Kd6 54. Nxh3
e4+ 55. Kxe4 Kc5 $11) 53. N2xg3 Nc5+ 54.
Nxc5+ Bxc5 55. Ne2 Kf5 56. Kc2 Be3 57. Kd3 Bf2 58. Kc2 Be3 59.
Kd3 Bc5 60. Kc2 Bf8 61. Nc1 e4 62. fxe4+ Kxe4 63. Nd3 Kd4 64. Nb2 a3 65. Nd3 Be7 (65... b3+ {is more complex.} 66. axb3 a2 67. Kb2 Kxd3 68.
Kxa2 Kc2) 66. Nc1 Kxc4 67. Nb3 Bg5 68. Na5+ Kb5 69.
Nb3 Kc4 70. Na5+ Kd5 71. Nb3 Kc4 72. Na5+ Kb5 73. Nb3 Bf6 74. Kd3 Bc3 75. Kc2 $1 Kc4 76. Na5+ Kd4 77. Nb3+ Ke3 78. Nc1 Bd4 79. Nb3 Bb6 80. Nc1 Kd4 81. Nb3+ Kc4 82. Nd2+ Kb5 83. Nb3 Ka4 84. Nc1 Be3 85. Nb3 Bb6 1/2-1/2

[Event "44th Chess Olympiad Open 2022"]
[Site "Chennai"]
[Date "2022.08.06"]
[Round "8.16"]
[White "De La Riva Aguado, Oscar"]
[Black "Ortiz Suarez, Isan Reynaldo"]
[Result "1/2-1/2"]
[WhiteElo "2424"]
[BlackElo "2526"]
[Annotator "TA"]
[PlyCount "66"]
[EventDate "2022.??.??"]
[TimeControl "60"]

1. e4 c5 2. Nf3 d6 3. d4 cxd4 4. Nxd4 Nf6 5. Nc3 a6 6. Bg5 e6 7. f4 h6 8. Bh4 Qb6 9. a3 Nbd7 {[%emt 0:00:10] B96: Sicilian Najdorf: 6 Bg5 e6 7 f4,
lines other than 7...Qb6 and 7...Be7.} (9... Qxb2 $2 10. Na4 Qxa1 11. Qxa1 $18)
10. Bf2 {[%emt 0:01:24][%cal Yd4e6] Nxe6! is the strong threat.} Qc7 (10... Qxb2 $2 11. Na4 Qxa1 12. Qxa1 $18) 11. Qf3 b5 12. O-O-O Bb7 13. Bd3 Nc5 14. Rhe1 {[%emt 0:00:28] [#]} d5 $146 (14... Be7 $11) ({Predecessor:} 14... Be7 15. g4 d5 16. e5 Nfe4
17. Bxe4 dxe4 18. Qg3 Rc8 19. f5 Qb6 20. h4 b4 21. axb4 Qxb4 {½-½ (59) Della
Morte,G (2361)-Womacka,M (2436) Chess.com INT 2019}) 15. exd5 {[%emt 0:14:02]
Threatens to win with f5.} O-O-O {[%emt 0:00:19][%cal Rf6d5] [#]} 16. Nc6 (16. Bxb5 $1 $16 {[%cal Yd4c6] aiming for Nc6!} axb5 (16...
Rxd5 17. Nxd5) 17. Ndxb5) 16... Rxd5 (16... Nxd3+ $11 17. Rxd3
Rxd5 18. Nxd5 Nxd5) 17. Nxd5 $16 {[%emt 0:05:37] The board is on fire.} Nxd5 18. Bxc5 Bxc5 19. Ne5 Nc3 {[%emt 0:39:46] Prevents Be4.} 20.
Qg3 ({White should try} 20. Be4 $16 Nxe4 21. Rd7 (21. Rxe4 Rd8
$16)) 20... Nxd1 $14 21. Qxg7 Rf8 22. Kxd1 Qd8 (22... f6
$14 23. Qxc7+ Kxc7) 23. Kc1 $16 {[%emt 0:06:44] White is more active.} Qd4 24. g3 (24. Qxh6 Bxg2 25. f5 Qf2 $14) 24... b4 (24... f6 $16) 25. axb4 $18 (25. Qxh6 $2 bxa3
26. bxa3 Bxa3+ 27. Kd1 f6 $19) 25... Qxb4 26. c3 Qa4 27. Nxf7 (27. Qxh6 $6 Rd8
$16) 27... Bd5 28. Ne5 $2 (28. Nxh6 Qa1+ 29.
Bb1 Ba2 $11) (28. Qg6 $18) 28... Rd8 $11 {[%emt 0:00:10] White must now
prevent ...Qa1+.} 29. Qh7 ({Avoid the trap} 29. Qxh6 $2 Qa1+
30. Bb1 Ba3 $1 $19) 29... Bf2 {[%emt 0:03:19] Hoping for ...Qa1+.} 30. Re2 Bb6 (30... Qa1+ $11 {and Black has nothing to
worry.} 31. Kc2 (31. Bb1 $2 Ba2 $19) 31... Bc5) 31. Re1 ({
But not} 31. Qxh6 $2 Bb3 32. Qxe6+ Bxe6 $19) 31... Bf2 {[%emt 0:00:14] A
strong pair of Bishops.} 32. Re2 Bb6 {[%emt 0:00:04] [#]
Strongly threatening ...Bb3.} 33. Re1 $2 ({Don't blunder} 33.
Qxh6 $2 Bb3 34. Qxe6+ Bxe6 $19) ({White has to play} 33. Qe7 $1 $18) 33... Bf2
{[%emt 0:00:05] Weighted Error Value: White=0.51/Black=0.38} 1/2-1/2

[Event "44th Chess Olympiad Open 2022"]
[Site "Chennai"]
[Date "2022.08.06"]
[Round "8.17"]
[White "Carlsen, Magnus"]
[Black "Pechac, Jergus"]
[Result "1/2-1/2"]
[WhiteElo "2864"]
[BlackElo "2594"]
[Annotator "TA"]
[PlyCount "83"]
[EventDate "2022.??.??"]
[TimeControl "60"]

1. c4 e5 2. e3 Nf6 3. Nc3 Nc6 4. Qb3 g6 5. d3 Bg7 6. g3 {[%emt 0:01:12] A25: English
Opening vs King's Indian with ...Nc6 but without early d3.} b6 7. Bg2 Bb7 {[%emt 0:00:16][%cal Yc6d4] [#] ...Nd4! is the
strong threat.} 8. Qd1 $146 ({Predecessor:} 8. Nf3 O-O 9. O-O
Qe7 10. e4 d6 11. Bg5 Qd7 12. Nd5 Ne8 13. Qa4 a6 14. Rad1 {1-0 (44) Stripunsky,
A (2561)-Shetty,A (2368) Arlington 2015}) 8... Qe7 9. Nge2 h5 10. h3 h4 11. g4 Nd8 12. Bxb7 Nxb7 13. e4 Nc5 14. Be3 Ne6 15. Qd2 c6 16. O-O-O O-O-O 17. d4 (17. f4 $16) 17... exd4 18. Nxd4 Nc5 19. Bg5 Ne6 20. Nxe6 dxe6 21. Qe2 {[%emt 0:01:14]
And now e5 would win.} e5 22. Rxd8+ Rxd8 23. Bxh4 (23. f3 $14) 23... Bh6+ $1 $11 24. g5 Nd7 25. Qg4 Bf8 26. Bg3 Kc7 27.
Rd1 Qb4 28. Qe2 Qe7 29. h4 Qe6 30. f4 exf4 {[%emt 0:01:12] The position is equal.} 31. Bxf4+ Ne5 32. Rxd8 Kxd8 33. b3 Bd6 34. Qd2 Ke7 35. Kc2 {[%emt 0:00:17] Inhibits Nd3.} Qg4 36. Qf2 Qf3 37. Be3 ({
Of course not} 37. Qd2 {[#]} Nxc4 $1 38. Bxd6+ Nxd6 $15) 37... Ke6 38. Qxf3 Nxf3 39. Bf2 {[%emt 0:00:06]
Prevents Bg3.} Ke5 40. Bg3+ Ke6 41. Bf2 Ke5 42. Bg3+ {[%emt 0:00:00]
Weighted Error Value: White=0.06 (flawless) /Black=0.07 (flawless)} 1/2-1/2

[Event "44th Chess Olympiad Open 2022"]
[Site "Chennai"]
[Date "2022.08.06"]
[Round "8.17"]
[White "Hammer, Jon Ludvig"]
[Black "Druska, Juraj"]
[Result "1-0"]
[WhiteElo "2638"]
[BlackElo "2519"]
[Annotator "TA"]
[PlyCount "69"]
[EventDate "2022.??.??"]
[TimeControl "60"]

1. e4 c5 2. Nf3 Nc6 3. Bb5 e6 4. O-O Nge7 5. d4 cxd4 6. Nxd4 Ng6 {[%emt 0:
00:00] B30: Sicilian: 2...Nc6 3 Bb5, lines without ...g6.} 7. Be3 Be7 8. Be2 O-O {[%emt 0:00:13] White
has an edge.} 9. c4 b6 {[%emt 0:00:08] [#] is now more
promising than 9...Nxd4.} 10. Nb5 $1 $146 {[%emt 0:12:03] An important novelty.
} ({Predecessor:} 10. Nc3 Bb7 11. f3 Qb8 12. Nxc6 Bxc6 13. Qd2 f5 14. exf5 Rxf5
15. Bd3 Rh5 16. f4 {½-½ (40) Vokhidov,S (2529)-Tabatabaei,M (2613) Tornelo
INT 2021}) 10... d6 11. N1c3 Bb7 12. Qd2 a6 13. Na3 Rb8 14. f4 Re8 15. Rfd1 Nf8 16. Rac1 Ba8 17. Bf3 Qc8 {[%emt 0:01:20] [#]} 18. Nd5 $1 Bd8 {[%emt 0:00:22] [#]} 19. b4 {[%emt 0:09:49] 0x0.0002d975c2a0dp-1022s
more active pieces.} Nd7 {[%emt 0:00:45] [#]} ({Don't play} 19... exd5 20. cxd5
Qd7 21. dxc6 Bxc6 22. Nc4 $16 (22. Qxd6 Qxd6 23. Rxd6 Bxe4 $11)) (19... Qd7 $1
$11 {remains equal.}) 20. Nb5 axb5 $11 21.
cxb5 exd5 22. bxc6 {[%emt 0:04:00] Threatens
to win with Bg4.} Nf6 {[%emt 0:03:48] Inhibits Bg4.} ({But not} 22... dxe4 23.
Bg4 (23. cxd7 Qxd7 24. Be2 Be7 $17) 23... Bxc6 24. b5 $16 (24. Qxd6 Be7 $11)) (
22... Bxc6 $2 23. exd5 Nf6 24. dxc6 $18) 23. exd5 b5 $1 24. Ba7 Bb6+ 25.
Bxb6 Rxb6 26. Re1 Kf8 27. Rxe8+ Nxe8 28. Qc2 h6 29. Qh7 {[%emt 0:03:25] Black must now
prevent Qh8+. White has strong compensation.} Nf6 30. Qh8+ Ng8 31. Re1 Ra6 32. Be4 $40 {[%emt 0:00:43] Intending Bh7 and mate. White has some attack.
} f5 $1 33. Bf3 {[%emt 0:00:17][%cal Ye1e7] aiming for Re7!}
Bxc6 $2 34. dxc6 $18 Rxc6 35. Bd5 {[%emt 0:00:13] Weighted Error Value: White=0.12 (very precise) /
Black=0.29 (precise)} 1-0

[Event "44th Chess Olympiad Open 2022"]
[Site "Chennai"]
[Date "2022.08.06"]
[Round "8.17"]
[White "Gazik, Viktor"]
[Black "Tari, Aryan"]
[Result "1-0"]
[WhiteElo "2544"]
[BlackElo "2672"]
[Annotator "TA"]
[PlyCount "89"]
[EventDate "2022.??.??"]
[TimeControl "60"]

1. e4 c5 2. Nf3 d6 3. Nc3 Nf6 4. e5 dxe5 5. Nxe5 a6 6. g3 {[%emt 0:00:
00] B50: Sicilian: 2...d6, Miscellaneous.} Qd6 {[%emt 0:00:13] is more
profitable than 6...Qc7 at the moment.} 7. Nf3 Nc6 8. Bg2 {[%emt 0:02:00] The position is
equal.} e5 9. d3 h6 10. O-O Be7 {[%emt 0:01:17] [#]} 11. Nd2 $146 ({
Predecessor:} 11. Re1 Bg4 12. h3 Be6 13. b3 O-O 14. Bb2 Rad8 15. a4 Qc7 16. Nd2
Rfe8 17. Nc4 {0-1 (55) Kraus,T (2466)-Krzyzanowski,M (2503) Prague 2021}) 11...
Bg4 12. Nc4 Qd8 13. Bxc6+ (13. Qe1 Nd4 14. Qd2 (14. Nxe5 Nxc2 15. Qd2 Nxa1 $17) (14. Qxe5
O-O $11) (14. Bxb7 Ra7 $17) 14... Bf3 $11) 13... bxc6 14. f3 (14. Qe1 $6 Bh3 $11) 14... Be6 15. Qe2 Nd7 16. Kg2 O-O 17. Bd2 (17. Nxe5
Nxe5 18. Qxe5 Re8 $14) 17... Re8 18. Rae1 ({
Worse is} 18. Nxe5 Bf6 19. f4 (19. Nxc6 $2 Qb6 $19) 19... Nxe5 20. fxe5 {[#]}
Bxe5 $1 $17) 18... Bf8 19. b3 f6 20. Na4 {[%emt 0:00:53] Pair of Knights!} Rb8 21. Qf2 Bd5 22. Ba5 Qc8 23. Ncb6 {[%emt 0:00:35] White is more active.} Nxb6 24.
Bxb6 Be6 25. Kh1 c4 26. dxc4 Bh3 27. Rg1 {
[%emt 0:00:02] Hoping for g4.} e4 28. fxe4 c5
{[%emt 0:03:18] This costs Black the game.} (28... Qg4 $16 29. Qf4 Re6) 29.
Bxc5 $18 Qc6 30. Bxf8 Rxe4 31. Qf3 Bg4 32. Qg2 f5 (32... Rbe8 $142 33. Bc5 Bh3 34. Qxh3 (34. Qf3 Bg4
$18) 34... Rxe1+ 35. Qg2 Qxg2+ 36. Kxg2 R1e2+ 37. Kf3 Rxc2) 33. Bc5 Rbe8 34. Ref1 g5 35.
Rf2 R8e5 36. Bd4 Re6 37. c3 Qe8 38. Nc5 Qh5 39. Nxe6 {
[%emt 0:01:06] And now Nc5 would win.} Bh3 40. Qf3 Bg4 {[%emt 0:00:12] [#]} 41. Qxe4 $3 fxe4 42. Rf8+ Kh7 {[%emt 0:00:00] [#]} 43. Nxg5+ $1 Kg6 (43... Qxg5 44. Rh8+) 44. Rg8+ Kf5 45. Rf1+ {[%emt 0:00:06] Weighted Error Value: White=0.03
(flawless) /Black=0.38} 1-0

[Event "44th Chess Olympiad Open 2022"]
[Site "Chennai"]
[Date "2022.08.06"]
[Round "8.17"]
[White "Repka, Christopher"]
[Black "Urkedal, Frode Olav Olsen"]
[Result "1/2-1/2"]
[WhiteElo "2516"]
[BlackElo "2555"]
[Annotator "TA"]
[PlyCount "120"]
[EventDate "2022.??.??"]
[TimeControl "60"]

1. d4 Nf6 2. c4 e6 3. Nc3 Bb4 4. e3 O-O 5. Bd3 d5 6. Nf3 dxc4 7. Bxc4 c5 8. O-O cxd4 9. exd4 b6 10. Qa4 {[%emt 0:02:44] E54: Nimzo-Indian:
Rubinstein: Main Line: 7...dxc4 8 Bxc4.} Be7 11. Be3 Bb7 12. Ne5 {[%emt 0:00:11] [#]} Qe8 $146 ({Predecessor:} 12... a6 13. Qb3 b5 14. Nxf7 Rxf7 15. Bxe6 Qe8 16. Rfe1
Bc8 17. Bxf7+ Qxf7 18. Bg5 Qxb3 19. axb3 {1-0 (44) Van Foreest,J (2682)
-Huschenbeth,N (2612) Linares 2020}) 13. Bb5 Qd8 14. Qb3 Nd5 15. Bc4 Nxc3 16. bxc3 Kh8 17. f4 (17. Bb5 {seems wilder.} Bd6 18. c4 Qh4 19. f4) 17...
Nc6 18. Nxc6 Bxc6 19. f5 Bd6 $1 {[%emt 0:07:16] Threatens to win with ...Qh4.} 20. f6 gxf6 {[%emt 0:00:41] Hoping for ...Rg8.} 21. d5 exd5 22. Bd3 Rg8 23. Bd4 $1 Be5 24. Rf5 Rg5 25. Raf1 Rxf5 26.
Bxf5 {[%emt 0:00:02] [#]} Qe7 (26... Qf8 $142 $1 27. Rf2 Qh6)
27. Qd1 $17 {[%emt 0:00:09] White wants to mate with Qh5.} Rg8 28. Qh5 Rg7 29. Qh4 Bxd4+ 30. cxd4 Qe3+ (30... Qe2 31. Qf2 Bb5 32. Re1) 31. Kh1 {[%emt 0:00:03] [#]} (31. Qf2
$11 Qg5 32. h4) 31... Bb5 $1 (31... Qe2 $6 32. Rg1 $11) 32.
Re1 (32. Qxf6 $142 Qg5 33. Qxg5 Rxg5 34. Rf3) 32... Qd2 33. Rg1 {[%emt 0:00:57] [#]} Bf1
$1 34. Bh3 Bd3 {[%emt 0:00:18] Strongly
threatening ...Rg6.} 35. Qxf6 Qg5 36. Qd6 Be4 (36... h6 $17 {aiming for ...Be4.} 37. g3
Qg6 38. Qxg6 Rxg6) 37. Qf8+ $11 Rg8 38. Qxf7 Qg7 (38... Qh6 {keeps more tension.} 39. Qe7
Rf8 40. Qe5+ Qg7) 39. Qxg7+ {[%emt 0:00:24] The position is equal.} Rxg7 {
[%emt 0:00:31] Endgame KRB-KRB} 40. Rc1 {[%emt 0:00:04] Against Rc7} Re7 41. Kg1 Bd3 42. Rc8+ Kg7 43. a3 a5 44. Rd8 b5 45. Bg4 ({
Avoid the trap} 45. Rxd5 $2 b4 46. axb4 (46. Rxa5 $2 b3 $19) (46. Rg5+ $2 Kf7
$19) 46... axb4 $19) 45... b4 46. axb4 axb4 47. Rb8 {[%emt 0:00:00] Against Rb7} Re4 48. Bf3 ({But not} 48. Bf5 $2 Re1+ 49. Kf2 Rf1+ 50.
Ke3 Bxf5 $19) 48... Rxd4 49. Kf2 Bc2 50. Ke3 Rd3+ 51. Kf4 b3 52. Ke5 d4 {[%emt 0:02:06]
[%cal Yd3f3] ...Rxf3! is the strong threat.} 53. Bd5 Rd2 54. Bxb3 d3 55. Kd4 Rf2 56. Kc3 Bxb3 57.
Rxb3 Rxg2 58. Kxd3 Rxh2 {
[%emt 0:00:06] And now ...Rh3+ would win.} 59. Rb6 Rf2 60. Ke3 Rf7 {[%emt 0:00:20] Weighted Error
Value: White=0.08 (flawless) /Black=0.11 (very precise)} 1/2-1/2

[Event "44th Chess Olympiad Open 2022"]
[Site "Chennai"]
[Date "2022.08.06"]
[Round "8.18"]
[White "Vallejo Pons, Francisco"]
[Black "Amin, Bassem"]
[Result "1-0"]
[WhiteElo "2702"]
[BlackElo "2680"]
[Annotator "TA"]
[PlyCount "89"]
[EventDate "2022.??.??"]
[TimeControl "60"]

1. d4 Nf6 2. c4 g6 3. Nc3 Bg7 4. e4 d6 5. Be2 O-O 6. Be3 Na6 7. h4 e5 8. d5 Nc5 {[%emt 0:00:08] E73: King's Indian: Averbakh Variation without 6...c5.
} 9. Qc2 c6 10. h5 cxd5 {
[%emt 0:01:36] The position is equal.} 11. cxd5 (11. h6 d4 12.
hxg7 Re8 $15) 11... Qa5 {[%emt 0:02:42] aiming for ...Ncxe4.} 12. h6 Bh8 {[%emt 0:00:15] Strongly threatening ...Ncxe4.} 13. f3 Bd7 14. Rb1 $36 {[%emt 0:11:42] Black must now prevent
b4. White has good play.} Na4 {[%emt 0:14:26] [#]} (14... Nxd5 $5 15. exd5 Bf5
$11) 15. Bd3 $5 $146 {[%emt 0:04:20] Hoping for b4. An interesting novelty.} ({
Predecessor:} 15. Qd2 Nxc3 16. bxc3 Qc7 17. g4 Bc8 18. Nh3 Nd7 19. Nf2 Bf6 20.
O-O Be7 21. Kh2 {1-0 (42) Nakamura,H (2736) -Grischuk,A (2764) Berlin 2022})
15... Rfc8 16. Nge2 Qd8 17. Qd2 Nxc3 18. Nxc3 a6 19. g4 Be8 20. O-O (20. Bf1 {feels hotter.} b5 21. Kf2 Nd7 22. Rc1) 20... Nd7 21. Rbc1 Bf6 22. Rc2 b5 23. Rfc1 Nc5 24. Nd1 (24. Be2 $14) 24... Nxd3 $11 25.
Qxd3 Rxc2 26. Qxc2 Qb8 (26... Bd7 $11) 27. Nf2 $14 Bd8 (27... Qd8 $14) 28. g5 $1 $16 Bd7 29. Ng4 Qb7 ({Black should
play} 29... Bxg4 30. fxg4 Be7) 30. Nf6+ $1 Bxf6 31. Qc7 (31. gxf6 $6 Rc8 32. Qd2 Rxc1+ 33. Qxc1 Qb8 $14)
31... Qxc7 32. Rxc7 Be7 {[%emt 0:00:54] And
now ...Rd8 would win.} 33. Rxd7 $18 {[%emt 0:00:11] Endgame KRB-KRB} Kf8 34. Rc7 (34. Rb7 $18) 34... Bd8 $16 {[%emt 0:
00:28] [#]} 35. Rd7 {[%emt 0:01:10] 0x0.0005ec18f3eadp-1022s more active
pieces.} (35. Rc6 $1 $16) 35... Be7 $1 $18 36. Rc7 Bd8 {[%emt 0:00:07] [#]} 37. Rc6 Ke7 38. Bb6 a5 $2 {[%emt 0:01:32] This move loses the game for
Black.} (38... Bxb6+ $16 39. Rxb6 Rc8) 39. Kf2 Rb8 ({Not} 39... Bxb6+ 40. Rxb6 b4 41. Rb7+ Ke8 42. Ke3 $18) 40. Bc7 Rc8 {[%emt 0:00:01] [#]} (40... Ra8 41. Bxd6+ Kd7 42. Bxe5 Bxg5
43. Rc7+ Ke8) 41. Bxa5 $1 {[%emt 0:00:00] White is clearly winning.} Rxc6 (41... Rb8 42. Bxd8+) 42. Bxd8+ Kxd8 43. dxc6 Kc7 44. Ke3 Kxc6 45. a3 {[%emt 0:04:10] Weighted Error Value: White=0.15 
(very precise) /Black=0.26 (precise)} 1-0

[Event "44th Chess Olympiad Open 2022"]
[Site "Chennai"]
[Date "2022.08.06"]
[Round "8.18"]
[White "Santos Latasa, Jaime"]
[Black "Hesham, Abdelrahman"]
[Result "1-0"]
[WhiteElo "2675"]
[BlackElo "2386"]
[Annotator "TA"]
[PlyCount "67"]
[EventDate "2022.??.??"]
[TimeControl "60"]

1. d4 Nf6 2. c4 g6 3. Nc3 Bg7 4. e4 O-O 5. Be3 c6 6. e5 {[%emt 0:00:
00] E70: King's Indian: Miscellaneous lines with 4 e4, including 5 Nge2 and 5
Bd3 0-0 6 Nge2.} Ne8 7. f4 d6 8. Nf3 {[%emt 0:00:09] White is slightly better.} c5 9. dxc5 Nc6 10. Be2 Bg4 11. exd6 ({White should try} 11.
cxd6 $14 exd6 12. O-O) 11... exd6 {[%emt 0:00:08] [#]} (11... Bxc3+ $5 12. bxc3
exd6 $14) 12. Qd2 $146 ({Predecessor:} 12. O-O Bxc3 13. bxc3
Qe7 14. Bf2 dxc5 15. h3 Rd8 16. Qe1 Bf5 17. Nh4 Be4 18. Bf3 {0-1 (32) Andre,G 
(2304)-Dexter,D (2212) Germany 2005}) 12... Ne7 13. O-O-O {
[%emt 0:11:33] And now h3 would win. White is more active.} Nf5 {[%emt 0:01:37]
White now steadily converts the win.} 14. Bf2 $36 {[%emt 0:00:00] Hoping for
h3. White has strong initiative.} Qa5 15. cxd6 Nexd6 {[%emt 0:00:31] [#]} (15... Bxf3 $142 16. gxf3 (16. Bxf3 Nexd6 17. Qd3
Bxc3 $14) 16... Nexd6) 16. Ne5 $1 $16 Bxe2 17. Qxe2 {[%emt 0:00:35] Strongly threatening g4.} Rfe8 $2 (
17... Qa6 $16) 18. c5 $18 Qb4 19. g3 (19. cxd6 Qxf4+ 20. Qd2 Qxd2+ 21. Rxd2 Bh6 $16) 19... Rxe5 20. fxe5 Nc4 21. Nd5 Qa4 22. Nc3 ({Not} 22. g4 $2
{[#]} Qxa2 $1 23. Rhe1 Re8 24. gxf5 Qa1+ 25. Kc2 Qxb2+ 26. Kd3 Nxe5+ 27. Qxe5
Rxe5 $19) 22... Qb4 23. Rhe1 {[%emt 0:00:27] Black must now
prevent Nd5.} Nxe5 24. Qb5 a5 25. a3 Qxb5 26. Nxb5 Nf3 27. Re2 Nxh2 28. Nd6 Ng4 29. Nxf5 ({But not} 29.
Nxb7 Be5 30. Be1 a4 $18) 29... gxf5 30. Rd5 {[%emt 0:00:36]
Inhibits Ne5.} Rc8 31. Rxf5 b6 32. Bg1 bxc5 33. Rxc5 Ra8 34. Rec2 {[%emt 0:00:31] Weighted Error Value: White=0.22
(precise) /Black=0.25 (precise)} ({Don't do} 34. Rg5 Nf6 35. a4 h6 $18) 1-0